 Dungeon Sprint DCSS version 0.19.5 (webtiles) character file.

66075 equalderp2856 the Eviscerator (level 13, -31/59 HPs)
             Began as a Felid Fighter on Mar 10, 2017.
             Was an Initiate of Gozag.
             Annihilated by Teomnawk the pandemonium lord (54 damage)
             ... in the Dungeon (Sprint VII: "The Pits").
             The game lasted 01:05:15 (8025 turns).

equalderp2856 the Eviscerator (Felid Fighter)       Turns: 8025, Time: 01:05:15

Health: -31/59     AC:  6    Str: 13    XL:     13   Next: 61%
Magic:  0/32       EV: 40    Int: 11    God:    Gozag
Gold:   3949       SH:  0    Dex: 25    Spells: 4 memorised, 21 levels left
                                        Lives:  0   Deaths: 2

rFire  . . .     SeeInvis +       - Unarmed
rCold  + . .     Gourm    .     (armour unavailable)
rNeg   + . .     Faith    .     (shield unavailable)
rPois  .         Spirit   +     (helmet unavailable)
rElec  .         Reflect  .     (cloak unavailable)
rCorr  .         Harm     .     (gloves unavailable)
MR     +....     NoTele   +     (boots unavailable)
Stlth  ++++++++..               C - amulet "Qiatesif" {Spirit rN+ Dex+7}
                                m - +3 ring of evasion
                                a - +3 ring of protection

@: studying Dodging, quick
A: no armour, no weapons or thrown items, stealth, claws 1, fangs 3, see
invisible, carnivore 3, speed 1, shaggy fur 3, slow metabolism 1, sharp paws
a: Potion Petition, Call Merchant, Bribe Branch, Renounce Religion
}: 2/15 runes: silver, golden


You were in the Dungeon.
You worshipped Gozag.
Gozag was most pleased with you.
You were not hungry.

You visited 1 branch You collected 39949 gold pieces.
You paid 36000 gold pieces to Gozag.

Inventory:

Jewellery
 a - a +3 ring of protection (left paw)
 c - an uncursed ring of positive energy
 d - the ring "Trusted Companion" {Wiz +Inv Stlth+}
   (You took it off a vampire knight in the Dungeon)

   [ring of wizardry]

   It improves your spell success rate.
   It lets you turn invisible.
   It makes you more stealthy.
 m - a +3 ring of evasion (right paw)
 s - an uncursed ring of ice
 t - a +6 ring of protection
 C - the amulet "Qiatesif" (around neck) {Spirit rN+ Dex+7}
   (You found it in the Dungeon)

   [amulet of guardian spirit]

   It causes incoming damage to be split between your health and magic.
   It affects your dexterity (+7).
   It protects you from negative energy.
 D - a +6 ring of strength
 E - a +6 ring of evasion
 F - a +3 ring of slaying
 G - a +6 ring of evasion
 K - an uncursed ring of stealth
 R - the ring of Moodiness {rPois rC+ Slay+5}
   (You found it in the Dungeon)

   [ring of slaying]

   It affects your accuracy and damage with ranged weapons and melee attacks
   (+5).
   It protects you from cold.
   It protects you from poison.
 T - a +3 ring of intelligence
 V - the ring of Maira {MP+9 SInv}
   (You found it in the Dungeon)

   [ring of magical power]

   It affects your magic capacity (+9).
   It lets you see invisible.
 X - an uncursed ring of ice
Wands
 h - a wand of disintegration (3/24)
 y - a wand of lightning (5/15)
 A - a wand of heal wounds (5/9)
 B - a wand of hasting (5/9)
Scrolls
 j - 9 scrolls of remove curse
 k - 5 scrolls of amnesia
 l - a scroll of summoning
 u - 4 scrolls of fear
 v - 5 scrolls of fog
 w - 9 scrolls of identify
 x - 2 scrolls of recharging
 M - a scroll of magic mapping
Potions
 e - a potion of curing
 f - 5 potions of magic
 g - 5 potions of berserk rage
 i - 2 potions of invisibility
 n - 7 potions of might
 o - 7 potions of agility
 p - a potion of lignification {unknown}
 q - 5 potions of brilliance
 r - 6 potions of cure mutation
 z - a potion of flight
 H - a potion of cancellation
Books
 I - a book of Geomancy

   Spells                             Type                      Level
   a - Sandblast                      Earth                        1
   b - Passwall                       Transmutation/Earth          2
   c - Stone Arrow                    Conjuration/Earth            3
   d - Petrify                        Transmutation/Earth          4
   e - Lee's Rapid Deconstruction     Earth                        5
 J - the Tome of Snow
   (You found it in the Dungeon)

   Spells                             Type                      Level
   a - Freeze                         Ice                          1
   b - Throw Frost                    Conjuration/Ice              2
   c - Ensorcelled Hibernation        Hexes/Ice                    2
   d - Throw Icicle                   Conjuration/Ice              4
   e - Metabolic Englaciation         Hexes/Ice                    5
   f - Bolt of Cold                   Conjuration/Ice              6
 N - the Reference Book on Envenoming and Evil Magic
   (You found it in the Dungeon)

   Spells                             Type                      Level
   a - Sublimation of Blood           Necromancy                   2
   b - Cigotuvi's Embrace             Necromancy                   5
   c - Alistair's Intoxication        Transmutation/Poison         5
   d - Death Channel                  Necromancy                   6
 O - the Collected Works on Combat Magic
   (You found it in the Dungeon)

   Spells                             Type                      Level
   a - Magic Dart                     Conjuration                  1
   b - Stone Arrow                    Conjuration/Earth            3
   c - Mephitic Cloud                 Conjuration/Poison/Air       3
   d - Iron Shot                      Conjuration/Earth            6
   e - Bolt of Fire                   Conjuration/Fire             6
 P - a book of Air

   Spells                             Type                      Level
   a - Shock                          Conjuration/Air              1
   b - Swiftness                      Charms/Air                   2
   c - Repel Missiles                 Charms/Air                   2
   d - Static Discharge               Conjuration/Air              3
   e - Lightning Bolt                 Conjuration/Air              5
 Q - the Grimoire of Heat and Good Luck
   (You found it in the Dungeon)

   Spells                             Type                      Level
   a - Flame Tongue                   Conjuration/Fire             1
   b - Repel Missiles                 Charms/Air                   2
   c - Swiftness                      Charms/Air                   2
   d - Regeneration                   Charms/Necromancy            3
   e - Bolt of Magma                  Conjuration/Fire/Earth       5
   f - Deflect Missiles               Charms/Air                   6
 S - a manual of Dodging
 U - a book of Clouds

   Spells                             Type                      Level
   a - Mephitic Cloud                 Conjuration/Poison/Air       3
   b - Conjure Flame                  Conjuration/Fire             3
   c - Poisonous Cloud                Conjuration/Poison/Air       6
   d - Freezing Cloud                 Conjuration/Ice/Air          6
   e - Ring of Flames                 Charms/Fire                  7
 Y - a book of the Earth

   Spells                             Type                      Level
   a - Leda's Liquefaction            Hexes/Earth                  4
   b - Bolt of Magma                  Conjuration/Fire/Earth       5
   c - Statue Form                    Transmutation/Earth          6
   d - Iron Shot                      Conjuration/Earth            6
   e - Shatter                        Earth                        9
 Z - a book of Air

   Spells                             Type                      Level
   a - Shock                          Conjuration/Air              1
   b - Swiftness                      Charms/Air                   2
   c - Repel Missiles                 Charms/Air                   2
   d - Static Discharge               Conjuration/Air              3
   e - Lightning Bolt                 Conjuration/Air              5
Comestibles
 b - 8 meat rations
 L - a slice of pizza
 W - 2 beef jerkies


   Skills:
 - Level 8.5 Fighting
 - Level 18.1 Dodging
 - Level 18.2 Stealth
 - Level 21.2 Unarmed Combat
 * Level 14.1 Spellcasting
 * Level 15.1 Conjurations
 * Level 15.2 Ice Magic
 * Level 15.1 Earth Magic


You had 21 spell levels left.
You knew the following spells:

 Your Spells              Type           Power        Failure   Level  Hunger
a - Throw Icicle          Conj/Ice       #####...     1%          4    ###....
b - Stone Arrow           Conj/Erth      #####.       1%          3    None
c - Iron Shot             Conj/Erth      #####.....   2%          6    ######.
d - Bolt of Cold          Conj/Ice       #####.....   2%          6    ######.


Dungeon Overview and Level Annotations

Branches:
Dungeon (1/1)

Altars:
Ashenzari
Cheibriados
Dithmenos
Elyvilon
Fedhas
Gozag
Hepliaklqana
Kikubaaqudgha
Makhleb
Nemelex Xobeh
Okawaru
Qazlal
Ru
Sif Muna
Trog
Uskayaw
Vehumet
Xom
Yredelemnul
Zin
The Shining One
Beogh
Jiyva
Lugonu

Annotations:
D Antaeus, Asmodeus, Ereshkigal, Geryon


Innate Abilities, Weirdness & Mutations

You cannot wear armour.
You are incapable of wielding weapons or throwing items.
Your paws allow you to move quietly. (Stealth)
You have sharp claws.
You have razor-sharp teeth.
You have supernaturally acute eyesight. (SInv)
You are carnivorous and can eat meat at any time.
You cover ground quickly.
Your thick and shaggy fur keeps you warm. (AC +3, rC+)
You have a slow metabolism.
Your sharp claws are effective at attacking unaware monsters.


Message History

The fireball explodes!
The fireball engulfs you!
* * * LOW HITPOINT WARNING * * *
Casting: Iron Shot
Confirm with . or Enter, or press ? or * to list all spells.
You don't have enough magic to cast that spell.
Okay, then.
Okay, then.
You miss Teomnawk. Your claw misses Teomnawk.
Teomnawk is moderately wounded.
Teomnawk misses you.
Unknown command.
You completely miss Teomnawk. Your claw misses Teomnawk.
Teomnawk is moderately wounded.
Teomnawk barely misses you.
Unknown command.
You feel better. Teomnawk completely misses you. Teomnawk hits you!!!
Ouch! That really hurt!
You die...
Your body crumbles into a pile of gold.

§§§§..###.....###...###.....###..
.§§*§..#....###.......###....#...
.§§.§§.....##...........##...#...
..§§§§§...##.............##..#...
...§§§*§..#...............#......
0...§§§§..#...............#.....)
.....§§&§)#...............#......
.......§§.##.............##..#...
...........##...@.......##...#...
.......#....###.&.....###....#...
......###.....###...###.....###..
.....## ##....2&...........## ##.
....## ##...............## ##
##### ################# #
########################## ####
...#........#.........#..# ###...
(..#..)(....#.........#..###.....


You could see Teomnawk.

Vanquished Creatures
  A greater mummy (D)
  A pearl dragon (D)
  An electric golem (D)
  An Orb Guardian (D)
  A deep elf master archer (D)
  2 storm dragons (D)
  An ice dragon (D)
  A deep elf high priest (D)
  A naga warrior (D)
  A vault guard (D)
  A hell knight (D)
  A spriggan (D)
  A fire crab (D)
  An orc knight (D)
  A cyclops (D)
  An ugly thing (D)
  An elephant (D)
  A guardian serpent (D)
  A black mamba (D)
  A kobold demonologist (D)
  A demonic crawler (D)
  A merfolk (D)
  A jumping spider (D)
  A bog body (D)
  A polar bear (D)
  A hornet (D)
  4 blink frogs (D)
  A vampire (D)
  A wyvern (D)
  A redback (D)
  5 yaks (D)
  A fire bat (D)
  A basilisk (D)
  A golden eye (D)
  A steam dragon (D)
  2 vampire mosquitoes (D)
  2 mottled dragons (D)
  A warg (D)
  A swamp drake (D)
  A sky beast (D)
  2 orc warriors (D)
  An ogre (D)
  A bullfrog (D)
  2 scorpions (D)
  A hound (D)
  An iron imp (D)
  A gnoll shaman (D)
  An orc wizard (D)
  An iguana (D)
  2 hell rats (D)
  A worker ant (D)
  2 gnolls (D)
  3 adders (D)
  2 river rats (D)
  An ufetubus (D)
  An ooze (D)
  An adder zombie (D)
  An adder simulacrum (D)
  A leopard gecko (D)
  2 orcs (D)
  2 bat zombies (D)
  2 goblins (D)
  A ball python (D)
  A ball python simulacrum (D)
  A jackal skeleton (D)
  A kobold (D)
  A quokka zombie (D)
  A rat (D)
88 creatures vanquished.

Vanquished Creatures (collateral kills)
  Ignacio (D)
  Mnoleg (D)
  An ancient lich (D)
  Mennas (D)
  2 greater mummies (D)
  A curse toe (D)
  A Killer Klown (D)
  A golden dragon (D)
  2 pandemonium lords (D)
  3 pearl dragons (D)
  3 bone dragons (D)
  2 electric golems (D)
  2 liches (D)
  A Tzitzimitl (D)
  A hellephant (D)
  2 titans (D)
  A quicksilver dragon (D)
  3 Orb Guardians (D)
  A deep elf blademaster (D)
  An acid blob (D)
  2 shadow dragons (D)
  2 azure jellies (D)
  A draconian zealot (D)
  A deep elf sorcerer (D)
  A balrug (D)
  A ghost moth (D)
  A draconian scorcher (D)
  A reaper (D)
  A war gargoyle (D)
  A vampire knight (D)
  3 red draconians (D)
  2 green draconians (D)
  A green death (D)
  An ettin (D)
  A blizzard demon (D)
  An eidolon (D)
  A merfolk impaler (D)
  A naga warrior (D)
  An ice dragon (D)
  7 mummy priests (D)
  A fire dragon (D)
  A deep elf high priest (D)
  A yaktaur captain (D)
  A spriggan air mage (D)
  2 vault guards (D)
  A dancing weapon (D)
  4 death yaks (D)
  An orc high priest (D)
  A spriggan berserker (D)
  A sun demon (D)
  3 hell knights (D)
  A deep elf knight (D)
  A fire crab (D)
  An iron troll (D)
  A sea snake (D)
  3 skeletal warriors (D)
  3 wizards (D)
  A death drake (D)
  4 orc knights (D)
  A lindwurm (D)
  2 necromancers (D)
  An orc sorcerer (D)
  An elephant (D)
  2 naga magi (D)
  A tormentor (D)
  A komodo dragon (D)
  A merfolk (D)
  A demonic crawler (D)
  A guardian mummy (D)
  2 jumping spiders (D)
  A large abomination (D)
  2 hippogriffs (D)
  A wind drake (D)
  3 air elementals (D)
  5 redbacks (D)
  A spriggan (D)
  A vampire (D)
  A water elemental (D)
  A ynoxinul (D)
  2 chaos spawn (D)
  A neqoxec (D)
  A mottled dragon (shapeshifter) (D)
  A warg (D)
  4 insubstantial wisps (D)
  A floating eye (D)
  A swamp drake (D)
  2 hell hounds (D)
  An eye of draining (D)
  4 orc warriors (D)
  A centaur (D)
  A crimson imp (D)
  An orc priest (D)
  A hell rat (D)
  4 orc wizards (D)
  A mummy (D)
  3 gnolls (D)
  2 adder zombies (D)
  3 orcs (D)
  A bat skeleton (D)
  A bat zombie (D)
  A bat simulacrum (D)
  A giant cockroach zombie (D)
  A jackal simulacrum (D)
164 creatures vanquished.

Vanquished Creatures (others)
  Dissolution (D)
  the Royal Jelly (D)
  4 ancient liches (D)
  An orb of fire (D)
  Mara (D)
  Boris (D)
  5 greater mummies (D)
  the Lernaean hydra (D)
  Frederick (D)
  Margery (D)
  Xtahua (D)
  A Killer Klown (D)
  2 curse toes (D)
  Nikola (D)
  Jory (D)
  A pearl dragon (D)
  5 Brimstone Fiends (D)
  3 Tzitzimimeh (D)
  A tentacled monstrosity (D)
  Rupert (D)
  3 Hell Sentinels (D)
  2 Ice Fiends (D)
  22 Orb Guardians (D)
  9 liches (D)
  2 Executioners (D)
  5 titans (D)
  2 deep elf master archers (D)
  An eldritch tentacle (D)
  6 acid blobs (D)
  A death cob (D)
  2 shadow dragons (D)
  A draconian monk (D)
  15 azure jellies (D)
  A daeva (D)
  3 pandemonium lords (D)
  A fire giant (D)
  5 nagarajas (D)
  An iron dragon (D)
  A deep elf sorcerer (D)
  A ghost moth (D)
  6 ghouls (D)
  A draconian knight (D)
  An emperor scorpion (D)
  3 orc warlords (D)
  A draconian scorcher (D)
  Nessos (D)
  2 draconian shifters (D)
  2 balrugs (D)
  2 spriggan defenders (D)
  3 cacodemons (D)
  A draconian annihilator (D)
  4 war gargoyles (D)
  A stone giant (D)
  An ophan (D)
  A draconian caller (D)
  2 vampire knights (D)
  3 deep elf demonologists (D)
  A purple draconian (D)
  2 green draconians (D)
  A white draconian (D)
  2 deep elf annihilators (D)
  2 mottled draconians (D)
  2 red draconians (D)
  A deep elf high priest (D)
  A green death (D)
  A fire dragon (D)
  3 blizzard demons (D)
  A yaktaur captain (D)
  8 death oozes (D)
  2 minotaurs (D)
  5 deep elf death magi (D)
  4 mummy priests (D)
  2 ice dragons (D)
  13 vault guards (D)
  A spriggan air mage (D)
  2 hell beasts (D)
  2 death knights (D)
  A merfolk avatar (D)
  A merfolk aquamancer (D)
  An ogre mage (D)
  A deep troll shaman (D)
  A dancing weapon (D)
  A vampire mage (D)
  A soul eater (D)
  A spriggan (D)
  2 sun demons (D)
  3 skeletal warriors (D)
  10 hell knights (D)
  A sixfirhy (D)
  An iron troll (D)
  A cherub (D)
  A spriggan druid (D)
  3 deep trolls (D)
  11 wizards (D)
  A swamp dragon (D)
  A hill giant (D)
  8 necromancers (D)
  6 orc knights (D)
  A deep elf mage (D)
  2 elephants (D)
  A hellion (D)
  6 yaktaurs (D)
  3 guardian mummies (D)
  A tormentor (D)
  3 red devils (D)
  5 merfolk (D)
  A hornet (D)
  A snapping turtle (D)
  3 redbacks (D)
  A large abomination (D)
  Sigmund (D)
  A vampire (D)
  10 humans (D)
  3 yaks (D)
  A neqoxec (D)
  A vampire mosquito (D)
  An insubstantial wisp (D)
  2 hell hounds (D)
  4 orc warriors (D)
  3 adder skeletons (D)
  3 adder zombies (D)
  3 adder simulacra (D)
  6 orcs (D)
  2 bat skeletons (D)
  2 bat zombies (D)
  A goblin (D)
  A ball python simulacrum (D)
  2 bat simulacra (D)
  A giant cockroach simulacrum (D)
  A giant cockroach zombie (D)
  A jackal simulacrum (D)
  A leopard gecko simulacrum (D)
  A leopard gecko skeleton (D)
  A leopard gecko zombie (D)
  A quokka zombie (D)
348 creatures vanquished.

Grand Total: 600 creatures vanquished

Notes
Turn   | Place    | Note
-------+----------+-------------------------------------------
     0 | D        | equalderp2856 the Felid Fighter began the quest for the Orb.
     0 | D        | Reached XP level 1. HP: 10/10 MP: 2/2
    15 | D        | Reached skill level 5 in Unarmed Combat
    15 | D        | Reached XP level 2. HP: 6/14 MP: 3/3
    20 | D        | Found a radiant altar of Vehumet.
    20 | D        | Found a hide-covered altar of Uskayaw.
    20 | D        | Found an ancient bone altar of Kikubaaqudgha.
    20 | D        | Found a viscous altar of Jiyva.
    20 | D        | Found a hazy altar of Hepliaklqana.
    21 | D        | Found a bloodstained altar of Trog.
    21 | D        | Found a deep blue altar of Sif Muna.
    21 | D        | Found a sacrificial altar of Ru.
    21 | D        | Found a stormy altar of Qazlal.
    21 | D        | Found an iron altar of Okawaru.
    21 | D        | Found a sparkling altar of Nemelex Xobeh.
    21 | D        | Found an opulent altar of Gozag.
    21 | D        | Found a blossoming altar of Fedhas.
    21 | D        | Found a white marble altar of Elyvilon.
    21 | D        | Found a shadowy altar of Dithmenos.
    21 | D        | Found a snail-covered altar of Cheibriados.
    22 | D        | Found a glowing golden altar of the Shining One.
    22 | D        | Found a glowing silver altar of Zin.
    24 | D        | Found a roughly hewn altar of Beogh.
    24 | D        | Found a burning altar of Makhleb.
    24 | D        | Found a basalt altar of Yredelemnul.
    25 | D        | Found a shattered altar of Ashenzari.
    25 | D        | Found a corrupted altar of Lugonu.
    25 | D        | Found a shimmering altar of Xom.
    27 | D        | Became a worshipper of Gozag Ym Sagoz the Greedy
   228 | D        | Reached skill level 5 in Dodging
   228 | D        | Reached skill level 1 in Stealth
   290 | D        | Reached skill level 6 in Unarmed Combat
   290 | D        | Reached XP level 3. HP: 11/18 MP: 4/4
   441 | D        | Reached skill level 7 in Unarmed Combat
   442 | D        | Reached XP level 4. HP: 22/22 MP: 5/5
   499 | D        | Noticed an ogre
   515 | D        | Killed an ogre
   515 | D        | Reached skill level 5 in Fighting
   515 | D        | Reached skill level 8 in Unarmed Combat
   515 | D        | Reached XP level 5. HP: 26/26 MP: 6/6
   516 | D        | Reached skill level 9 in Unarmed Combat
   524 | D        | Noticed a fire bat
   535 | D        | Reached skill level 5 in Stealth
   553 | D        | Reached skill level 10 in Unarmed Combat
   553 | D        | Gained mutation: You are covered in thick fur. (AC +2) [Felid growth]
   553 | D        | Reached XP level 6. HP: 22/31 MP: 7/7
   636 | D        | Killed a fire bat
   636 | D        | Reached skill level 11 in Unarmed Combat
   665 | D        | Reached skill level 10 in Dodging
   677 | D        | Noticed a kobold demonologist
   682 | D        | Killed a kobold demonologist
   682 | D        | Reached skill level 12 in Unarmed Combat
   682 | D        | Reached XP level 7. HP: 32/35 MP: 8/8
   721 | D        | Noticed a basilisk
   756 | D        | Killed a basilisk
   756 | D        | Reached skill level 13 in Unarmed Combat
   756 | D        | Reached XP level 8. HP: 29/40 MP: 9/9
   871 | D        | Noticed a cyclops
   927 | D        | Killed a cyclops
   927 | D        | Reached skill level 10 in Stealth
  1044 | D        | Noticed a bog body
  1045 | D        | Noticed a demonic crawler
  1053 | D        | Killed a demonic crawler
  1053 | D        | Reached skill level 14 in Unarmed Combat
  1062 | D        | Killed a bog body
  1070 | D        | Reached XP level 9. HP: 43/43 MP: 10/10
  1120 | D        | Reached skill level 15 in Unarmed Combat
  1143 | D        | Reached skill level 16 in Unarmed Combat
  1234 | D        | Reached XP level 10. HP: 43/48 MP: 11/11
  1255 | D        | Noticed a hill giant
  1255 | D        | Noticed Sigmund
  1257 | D        | Reached skill level 17 in Unarmed Combat
  1258 | D        | Noticed a minotaur
  1263 | D        | Noticed a minotaur
  1271 | D        | Killed a minotaur
  1277 | D        | Your ally died
  1286 | D        | Killed a hill giant
  1288 | D        | Killed a minotaur
  1332 | D        | Noticed a death cob
  1336 | D        | Noticed a green ugly thing
  1342 | D        | Killed a green ugly thing
  1485 | D        | Noticed a spriggan rider
  1490 | D        | Killed a spriggan rider
  1490 | D        | Reached skill level 18 in Unarmed Combat
  1506 | D        | Noticed an orc high priest
  1508 | D        | Noticed a sun demon
  1523 | D        | Killed an orc high priest
  1523 | D        | Reached skill level 15 in Dodging
  1587 | D        | Noticed a deep troll
  1602 | D        | Noticed a sea snake
  1611 | D        | Killed a sea snake
  1667 | D        | Noticed a merfolk avatar
  1708 | D        | Noticed an elephant
  1709 | D        | Noticed an elephant
  1709 | D        | Noticed an elephant
  1709 | D        | Noticed an elephant
  1709 | D        | Noticed a red draconian
  1715 | D        | Killed an elephant
  1720 | D        | Killed an elephant
  1722 | D        | Killed an elephant
  1726 | D        | Killed an elephant
  1726 | D        | Reached XP level 11. HP: 44/51 MP: 12/12
  1759 | D        | Noticed an ogre mage
  1761 | D        | Noticed a wizard
  1764 | D        | Noticed a lich
  1766 | D        | Noticed a deep elf death mage
  1766 | D        | Noticed a yellow draconian shifter
  1767 | D        | Killed a wizard
  1769 | D        | Noticed a wizard
  1769 | D        | Noticed a nagaraja
  1774 | D        | Reached skill level 15 in Stealth
  1779 | D        | Noticed a deep elf death mage
  1782 | D        | Noticed a lich
  1784 | D        | Killed a deep elf death mage
  1789 | D        | Noticed a vampire mage
  1790 | D        | Killed a lich
  1790 | D        | Killed a ghostly deep elf death mage
  1791 | D        | Killed a deep elf death mage
  1798 | D        | Noticed a deep elf sorcerer
  1802 | D        | Killed a red draconian scorcher
  1802 | D        | Killed a ghostly deep elf death mage
  1807 | D        | Killed a ghostly red draconian scorcher
  1807 | D        | Killed a nagaraja
  1809 | D        | Noticed a naga mage
  1809 | D        | Noticed a deep elf high priest
  1810 | D        | Noticed a spriggan berserker
  1810 | D        | Noticed a sun demon
  1811 | D        | Noticed a mottled draconian
  1815 | D        | Killed a naga mage
  1818 | D        | Noticed an ettin
  1822 | D        | Killed a wizard
  1823 | D        | Killed a vampire mage
  1828 | D        | Killed a deep elf sorcerer
  1828 | D        | Reached skill level 19 in Unarmed Combat
  1828 | D        | Killed a war gargoyle
  1836 | D        | Killed a deep elf sorcerer
  1844 | D        | Killed a spriggan berserker
  1855 | D        | Noticed a mummy priest
  1858 | D        | Noticed a deep elf demonologist
  1895 | D        | Got the amulet "Qiatesif" {Spirit rN+ Dex+7}
  1941 | D        | Identified the Tome of Snow (You found it in the Dungeon)
  1951 | D        | Identified the Papyrus of Quantum Moulding (You found it in the Dungeon)
  1956 | D        | Identified the Tome of Earth and Dark Arts (You found it in the Dungeon)
  1958 | D        | Identified the Compendium of Doomed Protection (You found it in the Dungeon)
  1960 | D        | Identified the Collected Works on Combat Magic (You found it in the Dungeon)
  1974 | D        | Identified the Grimoire of Heat and Good Luck (You found it in the Dungeon)
  2036 | D        | Got the ring of Moodiness {rPois rC+ Slay+5}
  2089 | D        | Noticed a Hell Sentinel
  2120 | D        | Noticed a greater mummy
  2190 | D        | Noticed a mummy priest
  2190 | D        | Noticed an iron troll
  2191 | D        | Noticed a death knight
  2191 | D        | Noticed a swamp dragon
  2194 | D        | Killed a swamp dragon
  2199 | D        | Killed a mummy priest
  2200 | D        | Noticed a soul eater
  2288 | D        | Noticed a death yak
  2288 | D        | Noticed a death yak
  2295 | D        | Noticed a lindwurm
  2298 | D        | Killed a death yak
  2302 | D        | Killed a death yak
  2307 | D        | Killed a lindwurm
  2309 | D        | Noticed a nagaraja
  2311 | D        | Noticed a death yak
  2315 | D        | Killed a death yak
  2316 | D        | Killed an orc sorcerer
  2316 | D        | Reached skill level 20 in Unarmed Combat
  2320 | D        | Noticed a sixfirhy
  2323 | D        | Killed a sixfirhy
  2329 | D        | Killed a nagaraja
  2330 | D        | Killed a death yak
  2391 | D        | Got the ring of Maira {MP+9 SInv}
  2477 | D        | Noticed an eidolon
  2480 | D        | Noticed a storm dragon
  2481 | D        | Noticed a nagaraja
  2482 | D        | Noticed a merfolk impaler
  2518 | D        | Killed a death knight
  2522 | D        | Killed an eidolon
  2577 | D        | Killed a merfolk avatar
  2581 | D        | Noticed Rupert
  2582 | D        | Killed a merfolk impaler
  2597 | D        | Noticed a bone dragon
  2598 | D        | Noticed a spriggan air mage
  2599 | D        | Noticed a fire crab
  2607 | D        | Killed a fire crab
  2609 | D        | Killed a spriggan air mage
  2615 | D        | Killed a bone dragon
  2615 | D        | Reached skill level 21 in Unarmed Combat
  2615 | D        | Gained mutation: Your thick and shaggy fur keeps you warm. (AC +3, rC+) [Felid growth]
  2615 | D        | Reached XP level 12. HP: 51/56 MP: 3/13
  2630 | D        | Your ally died
  2636 | D        | Noticed a nagaraja
  2641 | D        | Killed a storm dragon
  2643 | D        | Noticed a nagaraja
  2741 | D        | Learned a level 4 spell: Throw Icicle
  2745 | D        | Learned a level 3 spell: Stone Arrow
  2769 | D        | Noticed a deep elf annihilator
  2774 | D        | Noticed a balrug
  2786 | D        | Killed a merfolk aquamancer
  2790 | D        | Noticed an acid blob
  2791 | D        | Noticed a red draconian
  2793 | D        | Noticed a deep elf high priest
  2794 | D        | Noticed Mara
  2795 | D        | Noticed a war gargoyle
  2795 | D        | Noticed a deep elf demonologist
  2795 | D        | Killed an acid blob
  2795 | D        | Reached skill level 1 in Spellcasting
  2795 | D        | Killed a balrug
  2796 | D        | Noticed a daeva
  2796 | D        | Noticed a deep elf master archer
  2797 | D        | Noticed a deep elf death mage
  2797 | D        | Noticed an ophan
  2798 | D        | Noticed an orc warlord
  2813 | D        | Killed a deep elf demonologist
  2816 | D        | Killed Mara
  2819 | D        | Reached skill level 5 in Spellcasting
  2820 | D        | Noticed an ice dragon
  2839 | D        | Killed an ice dragon
  2870 | D        | Learned a level 6 spell: Iron Shot
  2882 | D        | Learned a level 6 spell: Bolt of Cold
  3087 | D        | Noticed a vault guard
  3087 | D        | Noticed a vault guard
  3087 | D        | Noticed Frederick
  3087 | D        | Noticed a vault guard
  3087 | D        | Noticed a vault guard
  3087 | D        | Noticed a vault guard
  3087 | D        | Noticed a vault guard
  3087 | D        | Noticed a vault guard
  3087 | D        | Noticed a vault guard
  3089 | D        | Banished a vault guard
  3094 | D        | Reached skill level 1 in Conjurations
  3094 | D        | Reached skill level 1 in Ice Magic
  3094 | D        | Reached skill level 1 in Earth Magic
  3096 | D        | Noticed a vault guard
  3096 | D        | Killed a vault guard
  3096 | D        | Killed a vault guard
  3096 | D        | Your ally died
  3098 | D        | Killed a vault guard
  3100 | D        | Noticed a vault guard
  3100 | D        | Killed a vault guard
  3103 | D        | Killed a vault guard
  3108 | D        | Noticed a vault guard
  3109 | D        | Killed a vault guard
  3113 | D        | Killed a vault guard
  3115 | D        | Noticed a vault guard
  3124 | D        | Killed a vault guard
  3211 | D        | Got a silver rune of Zot
  3243 | D        | Identified the Reference Book on Envenoming and Evil Magic (You found it in the Dungeon)
  3335 | D        | Killed a deep elf high priest
  3419 | D        | Noticed a deep elf annihilator
  3419 | D        | Noticed a mummy priest
  3420 | D        | Noticed Nikola
  3429 | D        | Noticed a ghost moth
  3429 | D        | Noticed a lich
  3429 | D        | Noticed a war gargoyle
  3430 | D        | Noticed a green draconian
  3430 | D        | Noticed an ice dragon
  3432 | D        | Noticed a blizzard demon
  3432 | D        | Noticed a green draconian
  3432 | D        | Noticed a Hell Sentinel
  3432 | D        | Noticed an ice dragon
  3433 | D        | Noticed a green draconian annihilator
  3433 | D        | Noticed a green death
  3434 | D        | Killed a ghost moth
  3437 | D        | Killed a green draconian
  3438 | D        | Killed a spriggan defender
  3438 | D        | Killed an ice dragon
  3441 | D        | Killed a green death
  3445 | D        | Killed an ice dragon
  3446 | D        | Killed a mummy priest
  3450 | D        | Killed a lich
  3453 | D        | Killed a green draconian
  3461 | D        | Your ally died
  3470 | D        | Noticed a green draconian
  3484 | D        | Killed a green draconian
  3489 | D        | Killed a hell beast
  3495 | D        | Killed a shadow dragon
  3508 | D        | Noticed a storm dragon
  3508 | D        | Noticed an emperor scorpion
  3508 | D        | Noticed a Killer Klown
  3508 | D        | Noticed Boris
  3508 | D        | Noticed an azure jelly
  3508 | D        | Noticed a blizzard demon
  3508 | D        | Killed a ghost moth
  3508 | D        | Killed a fire giant
  3510 | D        | Killed a mottled draconian
  3511 | D        | Killed an azure jelly
  3514 | D        | Killed an iron dragon
  3519 | D        | Killed an emperor scorpion
  3522 | D        | Killed a storm dragon
  3522 | D        | Reached skill level 5 in Ice Magic
  3522 | D        | Reached skill level 5 in Earth Magic
  3523 | D        | Killed a white draconian
  3581 | D        | Killed a war gargoyle
  3590 | D        | Killed a spriggan air mage
  3590 | D        | Killed a green draconian
  3594 | D        | Noticed a curse toe
  3594 | D        | Killed a balrug
  3596 | D        | Noticed a mottled draconian caller
  3596 | D        | Noticed a fire dragon
  3596 | D        | Killed a Hell Sentinel
  3609 | D        | Killed a fire dragon
  3609 | D        | Reached skill level 5 in Conjurations
  3745 | D        | Noticed Nessos
  3746 | D        | Noticed an orc warlord
  3746 | D        | Noticed an orc warlord
  3775 | D        | Killed a vault guard
  3778 | D        | Noticed a yaktaur captain
  3778 | D        | Noticed a naga warrior
  3780 | D        | Killed an orc warlord
  3783 | D        | Killed Nessos
  3790 | D        | Noticed a vault guard
  3794 | D        | Killed a yaktaur captain
  3796 | D        | Killed a naga warrior
  3799 | D        | Noticed a naga warrior
  3800 | D        | Noticed a deep elf blademaster
  3803 | D        | Killed a vault guard
  3804 | D        | Noticed a yaktaur captain
  3809 | D        | Noticed a deep elf master archer
  3812 | D        | Killed a yaktaur captain
  3815 | D        | Killed a deep elf blademaster
  3821 | D        | Noticed a deep elf high priest
  3841 | D        | Killed a naga warrior
  3846 | D        | Killed a deep elf high priest
  3890 | D        | Killed a deep elf death mage
  4031 | D        | Killed an ettin
  4035 | D        | Killed a mummy priest
  4196 | D        | Noticed a cacodemon
  4197 | D        | Noticed a cacodemon
  4197 | D        | Noticed a pearl dragon
  4197 | D        | Noticed a red draconian
  4198 | D        | Noticed a hellephant
  4204 | D        | Killed a red draconian
  4218 | D        | Killed a hellephant
  4218 | D        | Reached XP level 13. HP: 59/59 MP: 26/26
  4218 | D        | Your ally died
  4224 | D        | Noticed Dissolution
  4244 | D        | Killed a pearl dragon
  4246 | D        | Killed a red draconian
  4250 | D        | Killed a cacodemon
  4261 | D        | Killed a Killer Klown
  4328 | D        | Noticed an azure jelly
  4328 | D        | Noticed a deep elf death mage
  4328 | D        | Noticed an Orb Guardian
  4328 | D        | Noticed an Orb Guardian
  4328 | D        | Noticed an Orb Guardian
  4328 | D        | Noticed an Orb Guardian
  4336 | D        | Killed an Orb Guardian
  4338 | D        | Killed an azure jelly
  4342 | D        | Noticed a fire dragon
  4342 | D        | Paralysed by a floating eye for 3 turns
  4347 | D        | Killed a spriggan defender
  4348 | D        | Noticed a titan
  4348 | D        | Paralysed by a floating eye for 3 turns
  4359 | D        | Killed Margery
  4360 | D        | Noticed a bone dragon
  4361 | D        | Noticed a balrug
  4361 | D        | Noticed a Killer Klown
  4361 | D        | Noticed an Orb Guardian
  4365 | D        | Killed a titan
  4366 | D        | Noticed an Orb Guardian
  4366 | D        | Killed an Orb Guardian
  4366 | D        | Killed a cacodemon
  4369 | D        | Killed a bone dragon
  4369 | D        | Killed a fire dragon
  4432 | D        | Noticed an Orb Guardian
  4432 | D        | Noticed an Orb Guardian
  4432 | D        | Noticed an Orb Guardian
  4435 | D        | Noticed a titan
  4435 | D        | Noticed an ancient lich
  4435 | D        | Noticed a Brimstone Fiend
  4436 | D        | Killed a Brimstone Fiend
  4438 | D        | Noticed a quicksilver dragon
  4438 | D        | Noticed an orb of fire
  4438 | D        | Noticed a curse toe
  4438 | D        | Noticed a titan
  4438 | D        | Noticed a shadow dragon
  4438 | D        | Killed a titan
  4439 | D        | Noticed a titan
  4440 | D        | Noticed an Orb Guardian
  4441 | D        | Noticed an Orb Guardian
  4442 | D        | Killed an Orb Guardian
  4442 | D        | Killed a quicksilver dragon
  4444 | D        | Killed an Orb Guardian
  4445 | D        | Noticed Mnoleg
  4445 | D        | Paralysed by a floating eye for 4 turns
  4446 | D        | Killed a shadow dragon
  4447 | D        | Killed an Orb Guardian
  4448 | D        | Noticed a tentacled monstrosity
  4449 | D        | Killed a titan
  4451 | D        | Killed an eldritch tentacle
  4451 | D        | Killed Mnoleg
  4451 | D        | Reached skill level 10 in Ice Magic
  4504 | D        | Noticed a blizzard demon
  4509 | D        | Noticed a titan
  4509 | D        | Noticed a tentacled monstrosity
  4510 | D        | Noticed an Orb Guardian
  4510 | D        | Noticed Asmodeus
  4510 | D        | Noticed an Orb Guardian
  4511 | D        | Noticed an Orb Guardian
  4511 | D        | Noticed an Orb Guardian
  4512 | D        | Noticed an Orb Guardian
  4512 | D        | Noticed an Orb Guardian
  4512 | D        | Noticed Ereshkigal
  4512 | D        | Noticed Gedwoxim the pandemonium lord
  4514 | D        | Killed a blizzard demon
  4515 | D        | Killed a titan
  4517 | D        | Killed an Orb Guardian
  4517 | D        | Reached skill level 10 in Earth Magic
  4518 | D        | Your ally Gedwoxim died
  4519 | D        | Killed an Orb Guardian
  4519 | D        | Killed a shadow dragon
  4520 | D        | Killed a tentacled monstrosity
  4520 | D        | Killed an Orb Guardian
  4521 | D        | Noticed a pearl dragon
  4521 | D        | Noticed an acid blob
  4522 | D        | Noticed a death ooze
  4522 | D        | Noticed the Royal Jelly
  4522 | D        | Killed an Orb Guardian
  4523 | D        | Noticed an azure jelly
  4523 | D        | Noticed an azure jelly
  4523 | D        | Noticed an Orb Guardian
  4524 | D        | Noticed an azure jelly
  4524 | D        | Killed an Orb Guardian
  4524 | D        | Killed a pearl dragon
  4524 | D        | Reached skill level 10 in Conjurations
  4524 | D        | Killed an Orb Guardian
  4524 | D        | Your ally died
  4525 | D        | Noticed an azure jelly
  4525 | D        | Noticed an azure jelly
  4525 | D        | Noticed an acid blob
  4525 | D        | Noticed an azure jelly
  4525 | D        | Killed an Orb Guardian
  4526 | D        | Noticed an azure jelly
  4526 | D        | Noticed an azure jelly
  4526 | D        | Noticed a Tzitzimitl
  4526 | D        | Killed an azure jelly
  4527 | D        | Noticed a balrug
  4528 | D        | Killed an Orb Guardian
  4529 | D        | Noticed an acid blob
  4529 | D        | Killed an azure jelly
  4530 | D        | Noticed an acid blob
  4530 | D        | Killed a death ooze
  4531 | D        | Noticed Geryon
  4532 | D        | Noticed a death ooze
  4533 | D        | Killed a Tzitzimitl
  4534 | D        | Killed an azure jelly
  4540 | D        | Killed an acid blob
  4545 | D        | Killed an azure jelly
  4545 | D        | Killed an acid blob
  4549 | D        | Killed an azure jelly
  4550 | D        | Killed an azure jelly
  4551 | D        | Killed an azure jelly
  4552 | D        | Killed an azure jelly
  4562 | D        | Killed an orb of fire
  4565 | D        | Killed an Orb Guardian
  4589 | D        | Killed an azure jelly
  4595 | D        | Killed the Royal Jelly
  4597 | D        | Killed a death ooze
  4606 | D        | Killed an azure jelly
  4609 | D        | Killed a death ooze
  4613 | D        | Killed an acid blob
  4618 | D        | Killed a death ooze
  4619 | D        | Killed an azure jelly
  4625 | D        | Killed a death ooze
  4668 | D        | Killed a titan
  4685 | D        | Killed a death ooze
  4710 | D        | Noticed a curse toe
  4713 | D        | Noticed a titan
  4717 | D        | Killed a curse toe
  4718 | D        | Killed an azure jelly
  4721 | D        | Killed an acid blob
  4721 | D        | Killed a titan
  4728 | D        | Killed an Orb Guardian
  4740 | D        | Killed an acid blob
  4747 | D        | Killed a Killer Klown
  4748 | D        | Killed a curse toe
  4775 | D        | Killed an azure jelly
  4776 | D        | Killed a death ooze
  4811 | D        | Noticed a reaper
  4816 | D        | Killed a reaper
  4823 | D        | Noticed a stone giant
  4823 | D        | Noticed a green draconian scorcher
  4823 | D        | Noticed a mummy priest
  4823 | D        | Noticed a lich
  4823 | D        | Noticed a purple draconian knight
  4823 | D        | Noticed an Executioner
  4825 | D        | Reached skill level 10 in Spellcasting
  4829 | D        | Killed a war gargoyle
  4834 | D        | Noticed an electric golem
  4836 | D        | Killed an electric golem
  4839 | D        | Noticed a Tzitzimitl
  4842 | D        | Noticed a Brimstone Fiend
  4845 | D        | Noticed a red draconian zealot
  4848 | D        | Noticed a Tzitzimitl
  4851 | D        | Noticed a green death
  4882 | D        | Noticed Qaxuzofe the pandemonium lord
  4882 | D        | Noticed the 27-headed Lernaean hydra
  4898 | D        | Noticed Jory
  4902 | D        | Killed the 26-headed Lernaean hydra
  4909 | D        | Killed a deep elf demonologist
  4911 | D        | Killed a purple draconian
  4918 | D        | Noticed a pearl dragon
  4919 | D        | Noticed a pearl dragon
  4922 | D        | Killed a pearl dragon
  4931 | D        | Noticed Antaeus
  4932 | D        | Noticed a deep elf demonologist
  4934 | D        | Noticed a shadow dragon
  4937 | D        | Killed Qaxuzofe the pandemonium lord
  4941 | D        | Noticed a balrug
  4954 | D        | Killed a pearl dragon
  4954 | D        | Reached XP level 14. HP: 45/63 MP: 20/29
  4961 | D        | Killed a shadow dragon
  4992 | D        | Killed a lich
  5095 | D        | Noticed a Tzitzimitl
  5225 | D        | Noticed a lich
  5225 | D        | Noticed a ghoul
  5225 | D        | Noticed a ghoul
  5225 | D        | Noticed a lich
  5225 | D        | Noticed a bone dragon
  5225 | D        | Noticed an ancient lich
  5225 | D        | Noticed a greater mummy
  5226 | D        | Noticed a vampire knight
  5230 | D        | Killed a lich
  5231 | D        | Killed a lich
  5232 | D        | Killed a red draconian zealot
  5236 | D        | Killed a Brimstone Fiend
  5236 | D        | Killed a Tzitzimitl
  5246 | D        | Noticed a lich
  5270 | D        | Killed an Executioner
  5291 | D        | Killed a greater mummy
  5302 | D        | Slain by Antaeus
  5303 | D        | Reached XP level 13. HP: -1/59 MP: 0/29
  5316 | D        | Killed a mummy priest
  5347 | D        | Noticed a Hell Sentinel
  5432 | D        | Killed a Tzitzimitl
  5462 | D        | Killed a mottled draconian
  5490 | D        | Killed a yellow draconian shifter
  5522 | D        | Killed a stone giant
  5593 | D        | Killed a lich
  5593 | D        | Killed an Executioner
  5710 | D        | Killed a vampire knight
  5790 | D        | Killed a greater mummy
  5911 | D        | Killed a mummy priest
  5919 | D        | Killed a ghoul
  5937 | D        | Killed a ghoul
  5941 | D        | Killed a lich
  5960 | D        | Killed a greater mummy
  5961 | D        | Killed a red draconian
  5985 | D        | Killed a Hell Sentinel
  6064 | D        | Killed a deep elf master archer
  6071 | D        | Killed an acid blob
  6270 | D        | Noticed an Orb Guardian
  6271 | D        | Noticed an Orb Guardian
  6272 | D        | Noticed a greater mummy
  6272 | D        | Noticed an Orb Guardian
  6273 | D        | Noticed an Orb Guardian
  6274 | D        | Noticed an Orb Guardian
  6278 | D        | Noticed an Orb Guardian
  6322 | D        | Noticed Pumna the pandemonium lord
  6367 | D        | Killed an Orb Guardian
  6368 | D        | Killed an Orb Guardian
  6371 | D        | Killed an Orb Guardian
  6459 | D        | Killed a greater mummy
  6501 | D        | Killed Pumna the pandemonium lord
  6512 | D        | Killed an Orb Guardian
  6567 | D        | Noticed a greater mummy
  6586 | D        | Noticed a mummy priest
  6592 | D        | Killed a mummy priest
  6613 | D        | Noticed a red draconian
  6617 | D        | Noticed an electric golem
  6640 | D        | Killed an electric golem
  6668 | D        | Noticed a mummy priest
  6765 | D        | Killed an Orb Guardian
  6813 | D        | Killed a bone dragon
  6858 | D        | Noticed a ghoul
  6866 | D        | Noticed a mummy priest
  6867 | D        | Noticed a greater mummy
  6878 | D        | Killed a ghoul
  6879 | D        | Killed a mummy priest
  6880 | D        | Noticed a reaper
  6886 | D        | Killed a vampire knight
  6897 | D        | Killed an ancient lich
  6897 | D        | Your ally died
  6901 | D        | Noticed a lich
  6901 | D        | Killed a lich
  6907 | D        | Noticed an ancient lich
  6908 | D        | Noticed a mummy priest
  6908 | D        | Noticed a mummy priest
  6909 | D        | Noticed a greater mummy
  6910 | D        | Noticed a ghoul
  6920 | D        | Killed a mummy priest
  6924 | D        | Noticed a lich
  6924 | D        | Killed a mummy priest
  6927 | D        | Killed a ghoul
  6968 | D        | Killed a mummy priest
  6969 | D        | Noticed a reaper
  6980 | D        | Killed a vampire knight
  6995 | D        | Got the ring "Trusted Companion" {Wiz +Inv Stlth+}
  7055 | D        | Killed an Orb Guardian
  7069 | D        | Got a golden rune of Zot
  7220 | D        | Noticed an Ice Fiend
  7223 | D        | Noticed an orb of fire
  7223 | D        | Noticed a mottled draconian shifter
  7223 | D        | Noticed a deep elf master archer
  7224 | D        | Noticed a Hell Sentinel
  7227 | D        | Killed a purple draconian monk
  7227 | D        | Killed a mottled draconian shifter
  7230 | D        | Killed a deep elf master archer
  7232 | D        | Killed an azure jelly
  7242 | D        | Noticed a golden dragon
  7242 | D        | Killed a golden dragon
  7243 | D        | Noticed a red draconian
  7259 | D        | Noticed an Ice Fiend
  7267 | D        | Killed a greater mummy
  7269 | D        | Noticed Joduptit the pandemonium lord
  7272 | D        | Noticed a war gargoyle
  7272 | D        | Noticed an azure jelly
  7275 | D        | Noticed Coroutag the pandemonium lord
  7277 | D        | Killed an Ice Fiend
  7279 | D        | Noticed a reaper
  7283 | D        | Killed an azure jelly
  7284 | D        | Killed a war gargoyle
  7288 | D        | Killed from afar by Coroutag the pandemonium lord
  7288 | D        | Killed an ancient lich
  7289 | D        | Reached XP level 12. HP: -15/56 MP: 0/29
  7293 | D        | Killed Xtahua
  7295 | D        | Killed a pearl dragon
  7296 | D        | Killed Coroutag the pandemonium lord
  7301 | D        | Noticed an electric golem
  7302 | D        | Noticed a Brimstone Fiend
  7315 | D        | Noticed a Brimstone Fiend
  7317 | D        | Killed an electric golem
  7317 | D        | Killed Joduptit the pandemonium lord
  7336 | D        | Noticed Teomnawk the pandemonium lord
  7336 | D        | Noticed a greater mummy
  7336 | D        | Noticed Mennas
  7355 | D        | Killed a red draconian
  7361 | D        | Killed Mennas
  7361 | D        | Reached XP level 13. HP: 40/59 MP: 20/31
  7363 | D        | Noticed an emperor scorpion
  7364 | D        | Noticed a greater mummy
  7375 | D        | Killed a greater mummy
  7378 | D        | Killed a greater mummy
  7649 | D        | Killed a lich
  7672 | D        | Noticed a blizzard demon
  7677 | D        | Killed a blizzard demon
  7682 | D        | Noticed Ignacio
  7696 | D        | Killed Ignacio
  7696 | D        | Reached skill level 15 in Conjurations
  7696 | D        | Reached skill level 15 in Ice Magic
  7696 | D        | Reached skill level 15 in Earth Magic
  8006 | D        | Noticed a balrug
  8025 | D        | Annihilated by Teomnawk the pandemonium lord

Skill      XL: |  1  2  3  4  5  6  7  8  9 10 11 12 13 14 |
---------------+-------------------------------------------+-----
Unarmed Combat | 5 6 7 8 10 12 13 14 16 18 21 | 21.2
Dodging        | 5 6 8 9 10 11 12 13 15 17 18 | 18.1
Stealth        | 1 3 4 5 7 9 11 13 14 17 18 | 18.2
Fighting       | 4 5 6 7 8 |  8.5
Spellcasting   | 13 14 11 | 14.1
Conjurations   | 14 15 12 | 15.1
Ice Magic      | 14 15 12 | 15.2
Earth Magic    | 14 15 12 | 15.1

Action                   |  1- 3 |  4- 6 |  7- 9 | 10-12 | 13-15 || total
-------------------------+-------+-------+-------+-------+-------++-------
Melee: Unarmed           |    33 |    28 |   122 |    91 |    75 ||   349
       Bite              |     3 |     2 |     9 |     7 |    10 ||    31
       Punch             |       |     3 |    11 |    12 |    10 ||    36
 Cast: Iron Shot         |       |       |       |       |     1 ||     1
Invok: Bribe Branch      |       |       |     1 |     4 |     7 ||    12
       Potion Petition   |       |       |       |       |     1 ||     1
  Use: Potion            |       |     1 |     8 |     8 |    19 ||    36
       Scroll            |       |       |       |       |     1 ||     1
 Stab: Sleeping          |     4 |     1 |       |     5 |     2 ||    12
       Distracted        |       |       |     6 |     3 |     2 ||    11
  Eat: Meat ration       |       |       |       |     1 |       ||     1
Armor: Skin              |     1 |       |     1 |     1 |       ||     3
Dodge: Dodged            |    34 |    16 |   101 |   132 |    78 ||   361
